 Dungeon Crawl Stone Soup version 0.21.1-1-g345015f (console) character file.

240 toffzen the Conjurer (level 5, -2/38 HPs)
             Began as a Demigod Air Elementalist on June 26, 2018.
             Killed from afar by Rwicked's ghost (19 damage)
             ... with a stone arrow
             ... on level 4 of the Dungeon.
             The game lasted 00:12:49 (4681 turns).

toffzen the Conjurer (Demigod Air Elementalist)     Turns: 4681, Time: 00:12:50

Health: -2/38      AC:  3    Str: 11    XL:     5   Next: 50%
Magic:  1/12       EV: 12    Int: 21    God:
Gold:   184        SH:  0    Dex: 16    Spells: 5/9 levels left

rFire    . . .     SeeInvis .   k - -2 dagger (curse)
rCold    . . .     Gourm    .   (no shield)
rNeg     . . .     Faith    .   a - +0 robe
rPois    .         Spirit   .   f - +0 helmet
rElec    .         Reflect  .   (no cloak)
rCorr    .         Harm     .   (no gloves)
MR       .....                  (no boots)
Stlth    ++........             (no amulet)
HPRegen  0.12/turn              (no ring)
MPRegen  0.13/turn              (no ring)

@: no status effects
A: high mp 1
a: no special abilities


You were on level 4 of the Dungeon.
You were not hungry.

You visited 1 branch of the dungeon, and saw 4 of its levels.

You collected 184 gold pieces.

Inventory:

Hand Weapons
 k - a cursed -2 dagger (weapon)
 s - a +0 spear
Missiles
 d - 31 sling bullets
 i - 60 stones (quivered)
Armour
 a - a +0 robe (worn)
 f - a +0 helmet (worn)
 h - a +0 leather armour
Scrolls
 e - 2 scrolls of teleportation
 j - a scroll of enchant weapon {unknown}
 m - a scroll of identify
 p - 2 scrolls of remove curse {unknown}
 q - a scroll of magic mapping {unknown}
 r - 2 scrolls of blinking {unknown}
 t - a scroll of random uselessness {unknown}
 v - a scroll of immolation {unknown}
Potions
 g - a potion of might
 l - a potion of flight {unknown}
 n - a potion of haste {unknown}
 u - a potion of curing {unknown}
Books
 b - a book of Air

   Spells                             Type                      Level
   a - Shock                          Conjuration/Air              1
   b - Swiftness                      Charms/Air                   2
   c - Static Discharge               Conjuration/Air              3
   d - Airstrike                      Air                          4
   e - Lightning Bolt                 Conjuration/Air              5
 w - a book of Necromancy

   Spells                             Type                      Level
   a - Pain                           Necromancy                   1
   b - Animate Skeleton               Necromancy                   1
   c - Vampiric Draining              Necromancy                   3
   d - Regeneration                   Charms/Necromancy            3
   e - Animate Dead                   Necromancy                   4
   f - Borgnjor's Vile Clutch         Necromancy/Earth             5
Comestibles
 c - 6 rations


   Skills:
 - Level 1.7 Dodging
 - Level 1.7 Stealth
 + Level 2.9 Spellcasting
 * Level 3.8 Conjurations
 + Level 3.7 Air Magic


You had 5 spell levels left.
You knew the following spells:

 Your Spells              Type           Power        Failure   Level  Hunger
a - Shock                 Conj/Air       ###.         2%          1    None
b - Static Discharge      Conj/Air       ###.....     9%          3    ###....


Dungeon Overview and Level Annotations

Branches:
Dungeon (4/15)
 Temple: D:4-7

Annotations:
D:4 Rwicked's ghost, amateur GrEE


Innate Abilities, Weirdness & Mutations

You have an increased reservoir of magic. (+10% MP)


Message History

Confirm with . or Enter, or press ? or * to list all spells.
Aiming: Shock
Press: ? - help, Shift-Dir - straight line The zap misses Rwicked's ghost.
The zap hits Rwicked's ghost.
Rwicked's ghost resists.
Rwicked's ghost is moderately damaged.
Rwicked's ghost casts a spell at you. The stone arrow misses you.
Casting: Shock
Confirm with . or Enter, or press ? or * to list all spells.
Aiming: Shock
Press: ? - help, Shift-Dir - straight line The zap hits Rwicked's ghost.
Rwicked's ghost appears unharmed.
Rwicked's ghost is moderately damaged.
The zap hits Rwicked's ghost.
Rwicked's ghost appears unharmed.
Rwicked's ghost is moderately damaged.
Rwicked's ghost points at you and mumbles some strange words.
The stone arrow hits you!
Ouch! That really hurt!
You die...

#####<..# #...#.#...........
.......## #...#.#.#.########
#......#
#####...#.#.#.#......
.......#
#.........#.#....####
#......#
#.##.##.#.#.#.......#
#......#
#.......#...#.#####.#
#......## #.##....#.#.#.#
#.......###.#######.#.#.#####
..........###..W@...#.......#
..........# #.#############.#
..........# #.# ..........#
#.# ..........# #.#
..........# #.# ..........#
#W# ..........# #.[......
..........# #.....%..


You could see Rwicked's ghost.

Vanquished Creatures
  A hound (D:4)
  A bullfrog skeleton (D:4)
  A worker ant (D:4)
  3 gnolls (D:3)
  4 adders
  An ooze (D:2)
  2 adder skeletons (D:4)
  A worm (D:2)
  A dart slug (D:2)
  2 leopard geckos (D:3)
  4 orcs
  5 giant cockroaches
  7 goblins
  8 hobgoblins
  9 jackals (D:1)
  A quokka (D:3)
  A ball python (D:3)
  5 bats
  6 frilled lizards
  A quokka skeleton (D:4)
  10 rats
74 creatures vanquished.

Notes
Turn   | Place    | Note
-------+----------+-------------------------------------------
     0 | D:1      | toffzen the Demigod Air Elementalist began the quest for the Orb.
     0 | D:1      | Reached XP level 1. HP: 14/14 MP: 5/5
    17 | D:1      | Reached skill level 1 in Conjurations
   409 | D:1      | Reached XP level 2. HP: 20/20 MP: 4/7
  1414 | D:2      | Reached XP level 3. HP: 26/26 MP: 4/8
  1462 | D:2      | Learned a level 3 spell: Static Discharge
  2739 | D:3      | Reached XP level 4. HP: 29/33 MP: 1/10
  3233 | D:3      | Noticed a moth of wrath
  3236 | D:3      | Found a bloodstained altar of Trog.
  3980 | D:4      | Reached XP level 5. HP: 37/38 MP: 5/11
  4493 | D:4      | Noticed Rwicked's ghost (amateur GrEE)
  4681 | D:4      | Killed from afar by Rwicked's ghost

Skill      XL: |  1  2  3  4 |
---------------+-------------+-----
Conjurations   | 1 2 3 |  3.8
Spellcasting   | 2 |  2.9
Air Magic      | 3 |  3.7
Dodging        | |  1.7
Stealth        | |  1.7

Action                   |  1- 3 |  4- 6 || total
-------------------------+-------+-------++-------
Melee: Unarmed           |     1 |       ||     1
 Cast: Shock             |   107 |    84 ||   191
  Use: Scroll            |     2 |     1 ||     3
  Eat: Chunk             |     5 |     1 ||     6
       Ration            |     1 |     1 ||     2
Armor: Robe              |     5 |     4 ||     9
Dodge: Dodged            |    14 |     4 ||    18
